 Dungeon Crawl Stone Soup version 0.21-a0-426-g98080a9 (webtiles) character file.

6024 theanonym the Thaumaturge (level 10, -1/63 HPs)
             Began as a Mummy Ice Elementalist on Nov 6, 2017.
             Was a Priest of Sif Muna.
             Slain by a wyvern skeleton (6 damage)
             ... on level 10 of the Dungeon.
             The game lasted 00:51:00 (17195 turns).

theanonym the Thaumaturge (Mummy Ice Elementalist) Turns: 17195, Time: 00:51:01

Health: -1/63      AC:  9    Str: 11    XL:     10   Next: 56%
Magic:  18/23      EV: 12    Int: 17    God:    Sif Muna [***...]
Gold:   566        SH:  0    Dex: 14    Spells: 9/28 levels left

rFire    x . .     SeeInvis +   a - +2 dagger (drain)
rCold    + . .     Gourm    .   (no shield)
rNeg     + + +     Faith    .   f - +0 robe {MR+}
rPois    ∞         Spirit   .   (no helmet)
rElec    .         Reflect  .   (no cloak)
rCorr    .         Harm     .   h - +0 pair of gloves
MR       ++...                  (no boots)
Stlth    ++........             (no amulet)
HPRegen  0.20/turn              k - ring of wizardry
MPRegen  0.18/turn              s - ring of see invisible

@: icy armour, divine energy, slow
A: no food or potions, fire vulnerability, cold resistance 1, negative energy
resistance 3, torment resistance, unbreathing
a: Stop Divine Energy, Channel Magic, Renounce Religion


Innate Abilities, Weirdness & Mutations

You do not eat or drink.
Your flesh is vulnerable to fire.
You are immune to poison.
Your flesh is cold resistant. (rC+)
You are immune to negative energy. (rN+++)
You are immune to unholy pain and torment.
You can survive without breathing.


   Skills:
 - Level 1.5 Dodging
 - Level 1.5 Stealth
 - Level 9.5 Spellcasting
 - Level 6.4 Conjurations
 - Level 4.0 Summonings
 - Level 6.9 Ice Magic
 + Level 6.7 Invocations


You had 9 spell levels left.
You knew the following spells:

 Your Spells              Type           Power        Failure   Level  Hunger
a - Freeze                Ice            ####         1%          1    N/A
b - Throw Icicle          Conj/Ice       ####....     2%          4    N/A
c - Summon Ice Beast      Ice/Summ       ####....     4%          4    N/A
d - Slow                  Hex            #.......     6%          2    N/A
e - Blink                 Tloc           N/A          6%          2    N/A
f - Conjure Flame         Conj/Fire      ###.....     2%          3    N/A
g - Ozocubu's Armour      Chrm/Ice       ###.....     2%          3    N/A

Skill      XL: |  1  2  3  4  5  6  7  8  9 10 |
---------------+-------------------------------+-----
Spellcasting   | 3 4 5 6 7 9 |  9.5
Ice Magic      | 3 4 5 6 |  6.9
Summonings     | 1 2 3 4 |  4.0
Conjurations   | 2 4 6 |  6.4
Invocations    | 2 6 |  6.7
Dodging        | |  1.5
Stealth        | |  1.5

Action                   |  1- 3 |  4- 6 |  7- 9 | 10-12 || total
-------------------------+-------+-------+-------+-------++-------
Melee: Unarmed           |     3 |       |       |       ||     3
       Whip              |       |    25 |       |       ||    25
       Dagger            |       |    34 |   139 |    30 ||   203
       Staff             |       |       |    24 |     9 ||    33
 Cast: Freeze            |    69 |   124 |   195 |    48 ||   436
       Ozocubu's Armour  |       |    10 |    29 |    11 ||    50
       Summon Ice Beast  |       |    13 |    35 |    20 ||    68
       Slow              |       |     1 |    21 |     3 ||    25
       Throw Icicle      |       |       |    56 |    15 ||    71
       Conjure Flame     |       |       |     1 |       ||     1
Invok: Divine Energy     |       |       |     1 |       ||     1
       Channel Magic     |       |       |       |     1 ||     1
Evoke: Wand              |       |     1 |     2 |       ||     3
  Use: Scroll            |       |     7 |     6 |     1 ||    14
 Stab: Distracted        |       |     1 |       |     1 ||     2
Armor: Robe              |     7 |    39 |   107 |    20 ||   173
Dodge: Dodged            |    41 |   126 |   217 |    45 ||   429

Inventory:

Hand Weapons
 a - a +2 dagger of draining (weapon)
   (You took it off an orc wizard on level 9 of the Dungeon)
Missiles
 i - a throwing net (quivered)
Armour
 f - a +0 robe of magic resistance (worn)
   (You took it off an orc wizard on level 6 of the Dungeon)
 h - a +0 pair of gloves (worn)
   (You found it on level 4 of the Dungeon)
 v - a +0 buckler
   (You found it on level 8 of the Dungeon)
Magical Staves
 b - an uncursed staff of summoning
   (You found it on level 5 of the Dungeon)
 t - an uncursed staff of wizardry
   (You found it on level 6 of the Dungeon)
Jewellery
 k - a ring of wizardry (left hand)
   (You found it on level 2 of the Dungeon)
 s - a ring of see invisible (right hand)
   (You took it off a kobold on level 6 of the Dungeon)
Wands
 n - a wand of iceblast (10/15)
   (You found it on level 2 of the Dungeon)
 A - a wand of polymorph (2/24)
   (You took it off an orc warrior on level 9 of the Dungeon)
Scrolls
 d - 2 scrolls of teleportation {!r}
 g - 3 scrolls of blinking
 j - 5 scrolls of remove curse
 l - 2 scrolls of immolation
 m - a scroll of amnesia
 o - 2 scrolls of fog {!r}
 q - a scroll of vulnerability {unknown}
 r - a scroll of identify
 u - a scroll of holy word {unknown}
 w - 2 scrolls of magic mapping {!r}
 x - a scroll of fear {unknown}
 y - 5 scrolls of recharging
 z - a scroll of summoning {unknown}
Books
 c - a book of Minor Magic
   (You found it on level 3 of the Dungeon)

   Spells                             Type                      Level
   a - Magic Dart                     Conjuration                  1
   b - Blink                          Translocation                2
   c - Call Imp                       Summoning                    2
   d - Slow                           Hexes                        2
   e - Conjure Flame                  Conjuration/Fire             3
   f - Mephitic Cloud                 Conjuration/Poison/Air       3
 e - a book of Cantrips
   (You found it on level 4 of the Dungeon)

   Spells                             Type                      Level
   a - Confusing Touch                Hexes                        1
   b - Animate Skeleton               Necromancy                   1
   c - Summon Small Mammal            Summoning                    1
   d - Apportation                    Translocation                1
 p - a book of Frost

   Spells                             Type                      Level
   a - Freeze                         Ice                          1
   b - Throw Frost                    Conjuration/Ice              2
   c - Ozocubu's Armour               Charms/Ice                   3
   d - Throw Icicle                   Conjuration/Ice              4
   e - Summon Ice Beast               Ice/Summoning                4
 B - a book of Conjurations
   (You found it on level 9 of the Dungeon)

   Spells                             Type                      Level
   a - Magic Dart                     Conjuration                  1
   b - Searing Ray                    Conjuration                  2
   c - Dazzling Spray                 Conjuration/Hexes            3
   d - Fulminant Prism                Conjuration/Hexes            4
   e - Force Lance                    Conjuration/Translocation    4
   f - Iskenderun's Mystic Blast      Conjuration                  4

Dungeon Overview and Level Annotations

Branches:
Dungeon (10/15)            Temple (1/1) D:5
   Lair: D:8-11         Orc: D:9-12

Altars:
Ashenzari
Cheibriados
Dithmenos
Elyvilon
Fedhas
Gozag
Hepliaklqana
Kikubaaqudgha
Makhleb
Nemelex Xobeh
Okawaru
Qazlal
Sif Muna
Trog
Vehumet
Wu Jian
Xom
Yredelemnul
Zin
The Shining One

Annotations:
D:8 exclusion: statue


You were on level 10 of the Dungeon.
You worshipped Sif Muna.
Sif Muna was most pleased with you.
You were not hungry.

You visited 2 branches of the dungeon, and saw 11 of its levels.
You also visited: Sewer.

You collected 566 gold pieces.


Message History

You start resting.
Your icy armour starts to melt.
Your icy armour evaporates.
Health restored: 63; MP restored: 23
Okay, then.
Unknown command.
Things that are here:
a dagger; a robe Unknown command.
Found 2 fruits and a royal jelly.
Found a royal jelly.
Found a meat ration.
Found a large rock and 2 meat rations.
Found a fruit.
An orc comes into view. It is wielding a dagger.
The orc moves out of view.
An orc comes into view. It is wielding a short sword.
The orc shouts! x2; You hear a shout!
The orc hits you with a short sword.
You take 1 damage, and have 62/63 hp.
Aim: an orc, wielding a short sword and wearing a leather armour You freeze the orc.
The orc barely misses you.
You now have 22/23 mp.
Aim: an orc, wielding a short sword and wearing a leather armour (heavily wounded)
You freeze the orc.
You kill the orc!
Sif Muna accepts your kill.
You now have 21/23 mp.
Aim: an orc, wielding a dagger You freeze the orc.
You kill the orc!
Sif Muna accepts your kill.
An orc comes into view. It is wielding a flail.
You now have 20/23 mp.
Items here: )) [ † a dagger; a short sword; a leather armour; an orc corpse; Health restored: 63 The orc completely misses you.
Aim: an orc, wielding a flail You freeze the orc.
The orc misses you.
You now have 20/23 mp.
Aim: an orc, wielding a flail (heavily wounded)
You freeze the orc. The orc hits you with a flail!
You take 9 damage, and have 54/63 hp.
You now have 19/23 mp.
Aim: an orc, wielding a flail (severely wounded)
You freeze the orc.
You kill the orc!
Sif Muna accepts your kill.
You now have 18/23 mp.
Found 19 gold pieces.
Things that are here:
a flail; an orc corpse; Health restored: 63; MP restored: 23
Found a royal jelly.
You now have 566 gold pieces (gained 19).
A wyvern skeleton comes into view.
The wyvern skeleton bites you!
You take 11 damage, and have 52/63 hp.
A film of ice covers your body!
The wyvern skeleton bites you but does no damage.
You now have 20/23 mp.
You sense an unholy aura.
a - a +2 dagger of draining (weapon)
The wyvern skeleton bites you!
You take 12 damage, and have 41/63 hp.
You completely miss the wyvern skeleton.
The wyvern skeleton closely misses you.
You barely miss the wyvern skeleton.
The wyvern skeleton bites you but does no damage.
You hit the wyvern skeleton. The wyvern skeleton misses you.
The wyvern skeleton bites you!
* * * LOW HITPOINT WARNING * * *
You take 10 damage, and have 31/63 hp.
b - an uncursed staff of summoning (weapon)
You feel a surge of power! A chill wind blows around you.
The wyvern skeleton closely misses you.
The wyvern skeleton bites you but does no damage.
You now have 17/23 mp.
Your ice beast hits the wyvern skeleton.
Your ice beast freezes the wyvern skeleton.
The wyvern skeleton resists.
You sense an unholy aura.
a - a +2 dagger of draining (weapon)
The wyvern skeleton bites you but does no damage.
You hit the wyvern skeleton.
Your ice beast hits the wyvern skeleton.
Your ice beast freezes the wyvern skeleton.
The wyvern skeleton resists.
The wyvern skeleton bites you!
* * * LOW HITPOINT WARNING * * *
You take 10 damage, and have 22/63 hp.
You hit the wyvern skeleton. The wyvern skeleton misses you.
Your ice beast hits the wyvern skeleton.
Your ice beast freezes the wyvern skeleton.
The wyvern skeleton resists.
You hit the wyvern skeleton. The wyvern skeleton bites you.
* * * LOW HITPOINT WARNING * * *
Your ice beast barely misses the wyvern skeleton.
The wyvern skeleton bites you!
* * * LOW HITPOINT WARNING * * *
You take 17 damage, and have 5/63 hp.
MASSIVE DAMAGE!!
The wyvern skeleton bites you.
You die...

... .% #..# ... ..#
... ..# #.## ### # #.#
#.. ... #.#. #.#
#.##.##
#....##.######.#...###
.........Z@...........
#...##Y######)#...## #
#..# #.# ## #.#.# #)#
..###. #.# ### # #.#
#.# ####.#####
#........#


You could see a wyvern skeleton and a friendly ice beast.

Notes
Turn   | Place    | Note
-------+----------+-------------------------------------------
     0 | D:1      | theanonym the Mummy Ice Elementalist began the quest for the Orb.
     0 | D:1      | Reached XP level 1. HP: 13/13 MP: 4/4
     3 | D:1      | Noticed an electric eel
     3 | D:1      | Noticed an electric eel
   121 | D:1      | Reached skill level 3 in Spellcasting
   131 | D:1      | HP: 5/13 [hobgoblin (3)]
   132 | D:1      | HP: 2/13 [hobgoblin (3)]
   615 | D:1      | Reached XP level 2. HP: 18/19 MP: 4/6
  1337 | D:2      | Noticed Robin
  1474 | D:1      | HP: 6/19 [Robin/club (5)]
  1478 | D:1      | Killed Robin
  1478 | D:1      | Reached skill level 3 in Ice Magic
  1478 | D:1      | Reached XP level 3. HP: 5/24 MP: 0/8
  1723 | D:2      | Learned a level 3 spell: Ozocubu's Armour
  1972 | D:2      | Reached skill level 4 in Spellcasting
  2210 | D:2      | Reached XP level 4. HP: 29/30 MP: 1/10
  2554 | D:2      | Learned a level 4 spell: Summon Ice Beast
  2820 | D:3      | Noticed zorance's ghost (amateur HOFi)
  2890 | D:3      | Found a glowing drain.
  2910 | Sewer    | Entered a sewer
  3009 | Sewer    | Noticed a big kobold
  3027 | Sewer    | Killed a big kobold
  3027 | Sewer    | Reached skill level 1 in Summonings
  3027 | Sewer    | Reached XP level 5. HP: 29/35 MP: 1/12
  3306 | Sewer    | Reached skill level 2 in Summonings
  3332 | Sewer    | Reached skill level 5 in Spellcasting
  3761 | Sewer    | Reached XP level 6. HP: 41/41 MP: 6/13
  4151 | D:3      | Found an opulent altar of Gozag.
  4177 | D:3      | HP: 15/41 [zorance's ghost (14)]
  4184 | D:3      | Killed zorance's ghost
  4184 | D:3      | Reached skill level 4 in Ice Magic
  4188 | D:3      | Learned a level 2 spell: Blink
  4191 | D:3      | Learned a level 2 spell: Slow
  4424 | D:3      | Found a shattered altar of Ashenzari.
  4487 | D:3      | Reached skill level 3 in Summonings
  5025 | D:4      | Noticed EnegeticOcto's ghost (amateur GnWn)
  5039 | D:4      | Killed EnegeticOcto's ghost
  5330 | D:4      | HP: 20/41 [phantom (4)]
  5338 | D:4      | HP: 12/41 [phantom (7)]
  5364 | D:4      | HP: 9/41 [phantom (7)]
  5792 | D:4      | Reached XP level 7. HP: 24/46 MP: 0/15
  6158 | D:4      | Found a glowing silver altar of Zin.
  6385 | D:5      | Entered Level 5 of the Dungeon
  6396 | D:5      | Learned a level 4 spell: Throw Icicle
  6514 | D:5      | HP: 23/46 [worker ant zombie (4)]
  6524 | D:5      | HP: 15/46 [adder (3)]
  6724 | D:5      | Reached skill level 6 in Spellcasting
  6724 | D:5      | Reached skill level 1 in Conjurations
  6724 | D:5      | Reached skill level 4 in Summonings
  6824 | D:5      | Found a staircase to the Ecumenical Temple.
  6918 | Temple   | Entered the Ecumenical Temple
  6960 | Temple   | Became a worshipper of Sif Muna the Loreminder
  6968 | Temple   | HP: 20/46 [phantom (7)]
  6976 | Temple   | HP: 12/46 [phantom (9)]
  7266 | D:5      | Reached skill level 2 in Conjurations
  7564 | D:5      | Found a sparkling altar of Nemelex Xobeh.
  7613 | D:5      | Reached XP level 8. HP: 45/52 MP: 10/17
  7792 | D:5      | Reached skill level 5 in Ice Magic
  7854 | D:5      | Noticed a hippogriff
  7866 | D:5      | Killed a hippogriff
  7866 | D:5      | Reached * piety under Sif Muna
  7866 | D:5      | Reached skill level 3 in Conjurations
  8066 | D:5      | Reached skill level 7 in Spellcasting
  8874 | D:6      | HP: 19/52 [iguana (8)]
  9091 | D:6      | Reached skill level 4 in Conjurations
  9225 | D:6      | Found a glowing golden altar of the Shining One.
  9808 | D:6      | Reached ** piety under Sif Muna
  9811 | D:6      | HP: 26/52 [orc wizard/magic dart (1)]
  9818 | D:6      | HP: 19/52 [bullfrog (4)]
  9832 | D:6      | HP: 18/52 [worker ant zombie (3)]
  9851 | D:6      | HP: 20/52 [crimson imp (1)]
 10293 | D:6      | Reached XP level 9. HP: 57/57 MP: 0/20
 10725 | D:6      | HP: 28/57 [orc wizard/dagger (4)]
 10728 | D:6      | Reached skill level 8 in Spellcasting
 10728 | D:6      | Reached skill level 5 in Conjurations
 11007 | D:7      | HP: 17/57 [orc warrior/tomahawk (19)]
 11223 | D:7      | HP: 28/57 [quokka skeleton (2)]
 11380 | D:6      | Learned a level 3 spell: Conjure Flame
 11456 | D:7      | Found a snail-covered altar of Cheibriados.
 11856 | D:7      | Reached skill level 6 in Ice Magic
 12107 | D:7      | HP: 24/57 [orc warrior/flail (20)]
 12201 | D:7      | HP: 28/57 [centaur/arrow (12)]
 12207 | D:7      | HP: 23/57 [centaur/arrow (7)]
 12412 | D:7      | theanonym: !lg * mu s=god
 12412 | D:7      | beem: 9456. p0werm0de, XL27 DrCK, T:42353: http://crawl.xtahua.com/crawl/morgue/p0werm0de/morgue-p0werm0de-20161012-172547.txt
 12412 | D:7      | beem: 313146 games for * (mu): 225055x, 16942x Xom, 15869x Sif Muna, 9191x Gozag, 8698x Trog, 5391x Lugonu, 5200x Kikubaaqudgha, 5007x Okawaru, 3902x Yredelemnul, 3402x Makhleb, 3337x Vehumet, 3239x Ashenzari, 2582x Nemelex Xobeh, 1595x Cheibriados, 1170x Ru, 605x Pakellas, 571x Qazlal, 530x Hepliaklqana, 420x Dithmenos, 177x Uskayaw, 136x Wu Jian, 119x Jiyva, 4x Igni Ipthes, 3x Wudzu, Iashol
 12412 | D:7      | theanonym: !lg * urune=15 mu s=god
 12412 | D:7      | beem: 446 games for * (urune=15 mu): 151x Sif Muna, 118x Gozag, 27x Trog, 26x Okawaru, 24x Ashenzari, 22x Makhleb, 17x Xom, 16x Vehumet, 13x Nemelex Xobeh, 7x Cheibriados, 5x Pakellas, 5x Lugonu, 4x Ru, 3x Hepliaklqana, 2x Kikubaaqudgha, 2x Uskayaw, Yredelemnul, Wu Jian, Jiyva,
 12472 | D:7      | Found a shimmering altar of Xom.
 12703 | D:7      | theanonym: !lg * urune=15 mu god=sif s=fifsk
 12703 | D:7      | beem: 151 games for * (urune=15 mu god=sif): 25x, 11x Fighting,Spellcasting,Summonings,Invocations, 8x Fighting,Spellcasting,Summonings, 6x Spellcasting,Summonings, 6x Spellcasting,Summonings,Invocations, 3x Fighting,Shields,Spellcasting,Summonings, 2x Fighting,Spellcasting,Conjurations,Ice Magic,Evocations, 2x Fighting,Shields,Spellcasting,Summonings,Invocations, 2x Fighting,Spellcasting,Summonings,N...
 12939 | D:7      | Reached *** piety under Sif Muna
 13070 | D:7      | Reached skill level 9 in Spellcasting
 13072 | D:7      | Reached skill level 6 in Conjurations
 13580 | D:8      | Reached skill level 1 in Invocations
 13868 | D:8      | HP: 27/57 [killer bee (8)]
 14046 | D:8      | Noticed a cyclops
 14077 | D:8      | Killed a cyclops
 14172 | D:8      | Reached skill level 2 in Invocations
 14172 | D:8      | Reached XP level 10. HP: 46/63 MP: 9/23
 14330 | D:8      | Found a radiant altar of Vehumet.
 14748 | D:8      | Noticed Erica
 14778 | D:8      | Killed Erica
 14778 | D:8      | Reached skill level 4 in Invocations
 15423 | D:9      | HP: 30/63 [bullfrog skeleton (4)]
 16246 | D:9      | Reached skill level 5 in Invocations
 16307 | D:9      | Noticed a two-headed ogre
 16330 | D:9      | Killed a two-headed ogre
 16819 | D:10     | Entered Level 10 of the Dungeon
 16845 | D:10     | Noticed a two-headed ogre
 16860 | D:10     | Killed a two-headed ogre
 16860 | D:10     | Reached skill level 6 in Invocations
 16996 | D:10     | theanonym: !lg * class=mu s=killer
 16996 | D:10     | beem: No games for * (class=mu).
 16996 | D:10     | theanonym: !lg * race=mu god=sif_muna s=killer
 16996 | D:10     | beem: 15869 games for * (race=mu god=sif_muna): 882x, 806x a centaur, 679x an orc warrior, 625x an orc priest, 601x an orc wizard, 406x a killer bee, 344x an ogre, 297x an unseen horror, 248x an orc, 231x a spiny frog, 227x a gnoll, 209x a yak, 188x a centaur warrior, 180x a troll, 180x a hill giant, 153x Joseph, 141x a black mamba, 128x an eight-headed hydra, 126x a blink frog, 121x a worker ant, 121...
 16996 | D:10     | theanonym: !lg * race=mu god=sif_muna !win s=place
 16996 | D:10     | beem: 15480 games for * (race=mu god=sif_muna !win): 1265x D:5, 1227x D:8, 1222x D:4, 1193x D:6, 1153x D:7, 953x D:9, 891x D:10, 705x D:3, 664x D:11, 445x Lair:1, 344x D:12, 295x Lair:2, 265x D:2, 259x Lair:3, 241x Lair:4, 231x D:13, 222x Lair:8, 211x Orc:4, 168x IceCv, 159x Lair:6, 147x D:14, 142x Lair:5, 134x Abyss, 132x Bailey, 130x Lab, 110x Lair:7, 105x Orc:2, 101x Orc:3, 95x Orc:1, 88x D:15, 83x...
 17186 | D:10     | HP: 31/63 [wyvern skeleton (10)]
 17191 | D:10     | HP: 22/63 [wyvern skeleton (10)]
 17193 | D:10     | HP: 5/63 [wyvern skeleton (14)]
 17195 | D:10     | Slain by a wyvern skeleton

Vanquished Creatures
  Erica (D:8)
  A spriggan (D:10)
  A wyvern (D:8)
  3 orc warriors
  3 sky beasts
  A black bear (D:8)
  A necrophage (D:8)
  5 ogres
  The ghost of EnegeticOcto the Thaumaturge, an amateur GnWn of Cheibriados (D:4)
  A centaur (D:7)
  A crocodile (D:7)
  A big kobold (Sewer)
  5 bullfrogs
  2 scorpions
  4 killer bees (D:8)
  4 howler monkeys
  5 crimson imps
  A bullfrog zombie (D:5)
  3 jellies
  A bullfrog skeleton (D:9)
  An orc priest (D:6)
  A gnoll shaman (D:7)
  3 hounds
  A centaur skeleton (D:7)
  7 orc wizards
  5 iguanas
  6 worker ants
  2 hound skeletons
  A worker ant zombie (D:6)
  Robin (D:1)
  2 gnolls (D:7)
  A howler monkey skeleton (D:7)
  6 river rats
  16 adders
  2 oozes
  3 worms
  2 leopard geckos (D:1)
  13 orcs
  2 giant cockroaches
  8 goblins
  6 hobgoblins
  17 jackals
  23 kobolds
  5 quokkas
  6 ball pythons
  7 bats
  4 frilled lizards
  2 quokka skeletons
  24 rats
222 creatures vanquished.

Vanquished Creatures (collateral kills)
  2 two-headed ogres
  A cyclops (D:8)
  A merfolk (D:10)
  A hippogriff (D:5)
  The ghost of zorance the Chopper, an amateur HOFi (D:3)
  An orc warrior (D:7)
  An ice beast (D:8)
  A black bear (D:6)
  3 phantoms
  2 ogres (D:7)
  A necrophage (D:10)
  A centaur (D:7)
  3 big kobolds (D:7)
  A killer bee (D:8)
  3 orc priests
  2 orc wizards
  A gnoll shaman (D:7)
  2 worker ant zombies
  7 gnolls (D:7)
  An adder (D:9)
  An adder zombie (D:8)
  9 orcs
  A ball python (D:6)
  2 jackal skeletons
49 creatures vanquished.

Vanquished Creatures (others)
  7 plants
7 creatures vanquished.

Grand Total: 278 creatures vanquished
